 Dungeon Crawl Stone Soup version 0.28.0-47-ge53b351184 (webtiles) character file.

Game seed: 9842891513087046819

106630 terff the Severer (level 16, -4/220 HPs)
             Began as a Hill Orc Monk on Apr 30, 2022.
             Was the Champion of Okawaru.
             Succumbed to a redback's poison
             ... on level 1 of the Spider Nest.
             The game lasted 01:41:03 (27848 turns).

terff the Severer (Hill Orc Monk)                  Turns: 27848, Time: 01:41:04

Health: -4/220     AC: 28    Str: 24    XL:     16   Next: 44%
Magic:  24/24      EV:  2    Int:  6    God:    Okawaru [******]
Gold:   2936       SH: 29    Dex: 17    Spells: 18/25 levels left

rFire   + . .      SeeInvis .   Y - +9 broad axe "Unaxeugo" {venom, rC+}
rCold   + . .      Faith    .   J - +10 tower shield of Ignorance {rN+ Int-4}
rNeg    + . .      Spirit   .   (armour currently unavailable)
rPois   +          Reflect  .   (helmet currently unavailable)
rElec   .          Harm     .   (cloak currently unavailable)
rCorr   .          Rampage  .   (gloves currently unavailable)
Will    +....      NoTele   +   (boots currently unavailable)
Stlth   +++.......              z - amulet of regeneration
HPRegen 1.26/turn               l - +6 ring of strength
MPRegen 0.19/turn               f - ring of protection from fire

@: lethally poisoned (-4 -> -31), tree-form
A: stationary, stasis, torment immunity, boosted hp
a: Renounce Religion, Heroism, Finesse, Duel


You were on level 1 of the Spider Nest.
You worshipped Okawaru.
Okawaru was exalted by your worship.
You were a tree.
You visited 5 branches of the dungeon, and saw 24 of its levels.
You visited the Abyss 1 time.
You also visited: Bailey and Volcano.

You collected 3908 gold pieces.
You spent 972 gold pieces at shops.

Inventory:

Hand Weapons
 q - a +6 broad axe of venom
 V - the +3 short sword of Qeiceuw {flame, rF+ rC+ Dex+4}
   (You found it on level 2 of the Lair of Beasts)

   It burns those it strikes, dealing additional fire damage.
   Dex:       It affects your dexterity (+4).
   rF:        It protects you from fire.
   rC:        It protects you from cold.
 X - a +1 great mace of flaming
 Y - the +9 broad axe "Unaxeugo" (weapon) {venom, rC+}
   (Okawaru gifted it to you on level 1 of the Spider Nest)

   It poisons the flesh of those it strikes.
   rC:        It protects you from cold.
Armour
 a - a +1 cloak of preservation (melded)
 h - the +1 pair of boots "Qeut" (melded) {rF+ rC+ rCorr}
   (You acquired it on level 2 of the Dungeon)

   rF:        It protects you from fire.
   rC:        It protects you from cold.
   rCorr:     It protects you from acid and corrosion.
 B - +2 steam dragon scales (melded)
 F - a +2 pair of gloves (melded)
 G - a +3 scale mail of willpower
 J - the +10 tower shield of Ignorance (worn) {rN+ Int-4}
   (You found it in a bailey)

   Int:       It affects your intelligence (-4).
   rN:        It protects you from negative energy.
 P - a +2 helmet of see invisible (melded)
Magical Staves
 u - a staff of earth
Jewellery
 f - a ring of protection from fire (right branch)
 l - a +6 ring of strength (left branch)
 y - a ring of resist corrosion
 z - an amulet of regeneration (around neck)
 A - a ring of protection from cold
 C - an amulet of reflection
 D - a ring of poison resistance
 E - a ring of positive energy
 T - an amulet of the acrobat
 U - a ring of ice
Wands
 i - a wand of iceblast (5)
 j - a wand of paralysis (14)
 n - a wand of polymorph (8)
 r - a wand of mindburst (5)
 x - a wand of acid (5)
 Z - a wand of flame (17)
Scrolls
 b - a scroll of blinking
 d - 4 scrolls of teleportation
 w - 6 scrolls of magic mapping
 M - 2 scrolls of fog
 S - a scroll of silence
 W - 2 scrolls of holy word
Potions
 c - 3 potions of invisibility
 e - 6 potions of curing
 g - 2 potions of mutation
 k - 4 potions of attraction
 m - 5 potions of brilliance
 o - 3 potions of haste
 p - 2 potions of flight
 s - 2 potions of might
 v - 2 potions of resistance
 H - a potion of experience
 I - a potion of lignification
 K - 9 potions of ambrosia
 L - 4 potions of magic
 N - 2 potions of cancellation
 R - a potion of heal wounds
Miscellaneous
 O - a piece from Xom's chessboard (15/15)


   Skills:
 + Level 14.7 Fighting
 + Level 1.9 Short Blades
 + Level 20.3 Axes
 + Level 6.4 Armour
 + Level 10.1 Dodging
 + Level 5.2 Stealth
 + Level 14.2 Shields
 * Level 5.3 Spellcasting
 * Level 5.0 Hexes
 * Level 6.1 Invocations
 + Level 1.5 Evocations


You had 18 spell levels left.
You knew the following spells:

 Your Spells              Type           Power      Damage    Failure   Level
a - Magic Dart            Conj           4%         1d3       75%         1
b - Ensorcelled Hibernat  Hex/Ice        8%         N/A       52%         2
c - Cause Fear            Hex            3%         N/A       82%         4

Your spell library contained the following spells:

 Spells                   Type           Power      Damage    Failure   Level
 Pain                     Necr           4%         1d4       75%         1
 Inner Flame              Hex/Fire       4%         N/A       77%         3
 Portal Projectile        Hex/Tloc       8%         N/A       77%         3
 Searing Ray              Conj           2%         2d4       86%         2
 Spider Form              Tmut/Pois      1%         N/A       98%         3
 Anguish                  Hex/Necr       2%         N/A       99%         4
 Fulminant Prism          Conj/Hex       2%         3d6       99%         4
 Airstrike                Air            0%         N/A       100%        4
 Iskenderun's Mystic Bla  Conj/Tloc      1%         2d3       100%        4
 Olgreb's Toxic Radiance  Pois           1%         N/A       100%        4
 Petrify                  Tmut/Erth      1%         N/A       100%        4
 Agony                    Necr           1%         N/A       100%        5
 Blade Hands              Tmut           0%         N/A       100%        5
 Borgnjor's Vile Clutch   Necr/Erth      0%         N/A       100%        5
 Excruciating Wounds      Necr           0%         N/A       100%        5
 Fireball                 Conj/Fire      0%         3d3       100%        5
 Iskenderun's Battlesphe  Conj           1%         2d6       100%        5
 Lee's Rapid Deconstruct  Erth           0%         3d5*      100%        5
 Yara's Violent Unravell  Hex/Tmut       2%         3d3       100%        5
 Conjure Ball Lightning   Conj/Air       0%         3x3d6     100%        6
 Starburst                Conj/Fire      0%         6d3       100%        6
 Dragon Form              Tmut           0%         N/A       100%        7
 Orb of Destruction       Conj           0%         9d5       100%        7
 Discord                  Hex            3%         N/A       100%        8
 Ignition                 Fire           0%         3d3       100%        8
 Chain Lightning          Conj/Air       0%         2d1       100%        9
 Summon Guardian Golem    Hex/Summ       Unusable   N/A       N/A         3
 Animate Armour           Summ/Erth      Unusable   N/A       N/A         4
 Summon Lightning Spire   Summ/Air       Unusable   N/A       N/A         4
 Spellforged Servitor     Conj/Summ      Unusable   N/A       N/A         7

Dungeon Overview and Level Annotations

Branches:
Dungeon (14/15)            Temple (1/1) D:4            Lair (6/6) D:8
  Swamp (0/4) Lair:2       Spider (1/4) Lair:4        Slime (0/5) Lair:6
    Orc (2/2) D:11            Elf (0/3) Orc:2        Vaults (0/5) D:13
 Bailey (visited)         Volcano (visited)

Altars:
Ashenzari
Cheibriados
Dithmenos
Elyvilon
Kikubaaqudgha
Makhleb
Nemelex Xobeh
Okawaru
Qazlal
Sif Muna
Trog
Uskayaw
Vehumet
Wu Jian
Xom
Yredelemnul
Zin
The Shining One
Jiyva

Shops:
D:1 ?   D:4 (   D:10 [   D:12 [   D:13 [   Orc:1 :   Orc:2 :[**

Portals:
Pandemonium: Orc:2

Annotations:
D:6 3 runed translucent doors, NinjaNoafa's ghost, novice HOMo
D:9 3 runed translucent doors, Icepheonix32's ghost, novice DsFi; NinjaNoafa's ghost, novice DrFE; seaoflcl's ghost, novice HuFi; ultragoat's ghost, novice TrMo
Orc:2 3 runed translucent doors, Duder's ghost, journeyman MiBe


Message History

You kill the wolf spider!
Okawaru accepts your kill.
A freezing mist starts to gather...
The culicivora bites you but does no damage.
You block the jorogumo's attack. You block the culicivora's attack. x2
The redback bites you but does no damage.
The redback bites you.
* * * LOW HITPOINT WARNING * * *
You block the culicivora's attack. You block the jorogumo's attack.
The culicivora barely misses you. The culicivora bites you.
* * * LOW HITPOINT WARNING * * *
The culicivora draws strength from your injuries!
You block the redback's attack.
The redback bites you but does no damage.
A wolf spider simulacrum comes into view.
You feel much better.
* * * LOW HITPOINT WARNING * * *
You feel extremely sick. You block the culicivora's attack. x2
The culicivora bites you but does no damage.
You block the jorogumo's attack.
The redback bites you but does no damage.
You block the redback's attack. You block the culicivora's attack.
The culicivora bites you but does no damage.
You block the culicivora's attack.
The jumping spider pounces on you but does no damage.
The jumping spider bites you but does no damage.
The redback bites you but does no damage.
The jorogumo casts a spell at you.
The stream of webbing hits you but does no damage.
You are caught in a web!
The redback bites you.
* * * LOW HITPOINT WARNING * * *
The wolf spider simulacrum hits you.
* * * LOW HITPOINT WARNING * * *
The wolf spider simulacrum freezes you! You resist.
* * * LOW HITPOINT WARNING * * *
The wolf spider simulacrum bites you but does no damage.
The web tears apart.
You feel yourself speed up.
You die...

###...#.......^..####...##.....^.
########......##..............#
#.........?................#
##......................#.##
##.......†..#######.######
######.s.........###
#.##........$.# #..##ssZ.....#
#...#H♣s....## .##...sss.####..
.........†...... ......†s........
...#......##.... .###.......#....
#.......#####. #....>......#
#....#..ss.....#


You could see a jorogumo (soul bound, extremely poisoned), 2 orb spiders, 3
culicivoras, a jumping spider, 2 redbacks and a wolf spider simulacrum.

Vanquished Creatures
  An orc warlord (Bailey)
  An emperor scorpion (Spider:1)
  Nessos (Orc:2)
  A spark wasp (Spider:1)
  Fannar (Lair:2)
  6 hydras
  8 boulder beetles
  2 catoblepae (D:13)
  A death knight (D:14)
  2 demonspawn (Orc:2)
  A two-headed ogre (D:12)
  A centaur warrior (D:13)
  A radroach (Spider:1)
  Urug (Lair:3)
  7 death yaks
  A thrashing horror (Abyss:2)
  5 orc high priests (Orc:2)
  A deep elf knight (D:13)
  Sonja (Lair:2)
  4 skeletal warriors (D:12)
  5 pharaoh ants (Spider:1)
  A glowing orange brain (Abyss:2)
  A steelbarb worm (Spider:1)
  A swamp dragon (shapeshifter) (D:14)
  2 wizards
  6 large abominations (Abyss:2)
  6 orc knights
  2 deep elf zephyrmancers (D:10)
  10 ugly things
  2 deep elf pyromancers
  6 orc sorcerers (Orc:2)
  5 cyclopes
  A toenail golem (Volcano)
  4 wolf spiders (Spider:1)
  A worldbinder (Abyss:2)
  A manticore (D:13)
  14 elephants
  A torpor snail (Lair:3)
  An apocalypse crab (Abyss:2)
  6 black mambas
  A rust devil (Orc:2)
  3 molten gargoyles (Volcano)
  4 cane toads
  A black mamba (shapeshifter) (D:14)
  Maggie (D:8)
  A demonic crawler (Spider:1)
  3 freezing wraiths
  An unseen horror (D:13)
  4 efreet
  14 komodo dragons
  2 hellwings (Orc:2)
  2 kobold demonologists (Abyss:2)
  2 rime drakes
  3 trolls
  A tengu conjurer (D:14)
  5 polar bears (Lair:6)
  An ice devil (Orc:2)
  A queen bee (D:12)
  3 meliai (D:12)
  6 slime creatures
  10 tarantellas (Spider:1)
  2 raiju (Abyss:2)
  5 hornets (Lair:6)
  12 dream sheep
  16 blink frogs
  3 jumping spiders (Spider:1)
  A centaur simulacrum (Abyss:2)
  8 culicivoras (Spider:1)
  2 starcursed masses (Abyss:2)
  12 spriggans (Lair:6)
  A shadow (D:5)
  39 yaks
  4 wraiths
  6 wyverns
  2 fire elementals (Volcano)
  3 fire bats (Lair:3)
  8 redbacks
  A chaos spawn (Orc:2)
  4 vampire mosquitoes
  4 basilisks
  5 small abominations (Abyss:2)
  5 wargs
  An acid dragon (D:12)
  20 water moccasins
  38 orc warriors
  5 black bears
  A necrophage (D:8)
  5 boggarts
  5 ogres
  6 centaurs
  29 wolves
  11 kobold brigands
  19 bullfrogs
  2 gnoll sergeants
  3 scorpions
  9 earth elementals
  21 killer bees (D:12)
  4 howler monkeys (D:11)
  7 wights
  4 centaur zombies
  2 hounds (D:6)
  18 orc priests
  2 jellies
  A bullfrog skeleton (D:5)
  3 iguanas
  16 orc wizards
  Natasha (thrice) (D:4)
  5 hell rats (Lair:3)
  A killer bee zombie (D:8)
  2 howler monkey zombies (D:9)
  A howler monkey skeleton (D:7)
  18 gnolls
  12 adders
  A shadow imp (D:6)
  An ufetubus (D:4)
  4 worms
  A dart slug (D:2)
  83 orcs
  4 ball pythons
  6 endoplasms
  6 giant cockroaches
  10 goblins
  20 hobgoblins
  2 jackals (D:2)
  32 kobolds
  4 quokkas
  4 bats
  8 rats
  2 bushes (D:4)
797 creatures vanquished.

Vanquished Creatures (others)
  A centaur (D:10)
  An orc priest (Orc:2)
  35 fungi
  75 plants
  2 withered plants (D:9)
114 creatures vanquished.

Grand Total: 911 creatures vanquished

Notes
Turn   | Place    | Note
-------+----------+-------------------------------------------
     0 | D:1      | terff the Hill Orc Monk began the quest for the Orb.
     0 | D:1      | Reached XP level 1. HP: 19/19 MP: 1/1
   472 | D:1      | Reached XP level 2. HP: 27/27 MP: 2/2
  1149 | D:1      | Reached XP level 3. HP: 32/33 MP: 3/3
  1319 | D:1      | Found Woybait's Magic Scroll Boutique.
  1330 | D:1      | Bought a scroll of identify for 24 gold pieces
  1841 | D:2      | Identified a scroll of acquirement
  1841 | D:2      | Acquired the +1 pair of boots "Qeut" {rF+ rC+ rCorr}
  1904 | D:2      | Reached skill level 5 in Axes
  2221 | D:2      | Reached XP level 4. HP: 34/40 MP: 4/4
  2917 | D:2      | Reached XP level 5. HP: 44/47 MP: 5/5
  3316 | D:3      | Found a faded altar of an unknown god.
  3351 | D:3      | Reached skill level 6 in Axes
  3735 | D:3      | Found a hide-covered altar of Uskayaw.
  4195 | D:3      | Noticed a kobold brigand
  4196 | D:3      | Noticed a kobold brigand
  4242 | D:4      | Reached skill level 1 in Armour
  4252 | D:4      | Acquired 1184 gold pieces
  4477 | D:4      | Killed a kobold brigand
  4478 | D:4      | Reached skill level 7 in Axes
  4478 | D:4      | Reached XP level 6. HP: 32/53 MP: 6/6
  4705 | D:4      | Noticed Natasha
  4713 | D:4      | Killed Natasha
  4788 | D:4      | Noticed Natasha
  4799 | D:4      | Killed Natasha
  4841 | D:3      | Reached skill level 5 in Fighting
  5178 | D:4      | Noticed Natasha
  5185 | D:4      | Killed Natasha
  5186 | D:4      | Reached XP level 7. HP: 61/61 MP: 7/7
  5220 | D:4      | Found Gyikkegh's Antique Weapon Boutique.
  5279 | D:4      | Found a staircase to the Ecumenical Temple.
  5383 | Temple   | Entered the Ecumenical Temple
  5470 | Temple   | Became a worshipper of Warmaster Okawaru
  5470 | Temple   | Reached * piety under Okawaru
  5470 | Temple   | Reached ** piety under Okawaru
  5899 | D:5      | Entered Level 5 of the Dungeon
  5909 | D:5      | HP: 2/58 [wight/+0 great sword (5)]
  6210 | D:5      | Reached skill level 8 in Axes
  6818 | D:5      | Reached skill level 9 in Axes
  6818 | D:5      | Reached XP level 8. HP: 58/69 MP: 8/8
  6934 | D:5      | Noticed a shadow
  7025 | D:5      | Killed a shadow
  7153 | D:5      | Reached skill level 10 in Axes
  7678 | D:6      | Found a runed translucent gate.
  7679 | D:6      | Found a runed translucent gate.
  7679 | D:6      | Noticed NinjaNoafa's ghost (novice HOMo)
  7680 | D:6      | Found a runed translucent gate.
  7680 | D:6      | Noticed a yak
  7895 | D:6      | Reached *** piety under Okawaru
  9001 | D:7      | Reached skill level 5 in Armour
  9094 | D:7      | Reached skill level 11 in Axes
  9094 | D:7      | Reached XP level 9. HP: 75/75 MP: 9/9
 10129 | D:8      | Noticed Maggie
 10143 | D:8      | Killed Maggie
 10143 | D:8      | Reached **** piety under Okawaru
 10144 | D:8      | Reached skill level 12 in Axes
 10192 | D:8      | Noticed a komodo dragon
 10206 | D:8      | Killed a komodo dragon
 10223 | D:8      | Reached skill level 13 in Axes
 10285 | D:8      | Found a staircase to the Lair.
 10782 | D:9      | Found a runed translucent gate.
 10782 | D:9      | Found a runed translucent gate.
 10782 | D:9      | Found a runed translucent gate.
 10803 | D:9      | Noticed ultragoat's ghost (novice TrMo)
 10803 | D:9      | Noticed Icepheonix32's ghost (novice DsFi)
 10815 | D:9      | Noticed NinjaNoafa's ghost (novice DrFE)
 10815 | D:9      | Noticed seaoflcl's ghost (novice HuFi)
 11016 | D:9      | Reached XP level 10. HP: 86/86 MP: 10/10
 11064 | D:9      | Reached ***** piety under Okawaru
 11091 | D:9      | Learned a level 1 spell: Magic Dart
 11350 | D:10     | Entered Level 10 of the Dungeon
 11353 | D:10     | Found a flagged portal.
 11363 | Bailey   | Entered a bailey
 11368 | Bailey   | Noticed an orc warlord
 11368 | Bailey   | Found the +10 tower shield of Ignorance {rN+ Int-4}
 11448 | Bailey   | Reached skill level 14 in Axes
 11454 | Bailey   | Found a runed translucent gate.
 11454 | Bailey   | Found a runed translucent gate.
 11478 | Bailey   | Found a runed translucent gate.
 11600 | Bailey   | Killed an orc warlord
 11759 | D:10     | Noticed a deep elf zephyrmancer
 11759 | D:10     | Noticed a deep elf zephyrmancer
 11783 | D:10     | Noticed a wizard
 11794 | D:10     | Killed a wizard
 11794 | D:10     | Received a gift from Okawaru
 11795 | D:10     | Reached skill level 15 in Axes
 11795 | D:10     | Reached skill level 1 in Evocations
 11870 | D:10     | Killed a deep elf zephyrmancer
 11919 | D:10     | Got Joluisae's Catalogue of Plaster Cramp
 11946 | D:10     | Killed a deep elf zephyrmancer
 11947 | D:10     | Reached skill level 5 in Dodging
 12047 | D:10     | Reached skill level 1 in Shields
 12047 | D:10     | Reached XP level 11. HP: 80/95 MP: 11/11
 12233 | D:10     | Found Xela's Armour Emporium.
 12242 | D:10     | Bought a +1 cloak of preservation for 264 gold pieces
 12266 | D:10     | Received a gift from Okawaru
 12267 | D:10     | Reached skill level 16 in Axes
 12481 | D:10     | Noticed an orc knight
 12496 | D:10     | Killed an orc knight
 12580 | D:10     | Noticed a wizard
 12611 | D:10     | Got the Tome of Combed Thunderclap
 12661 | D:10     | Found a sparkling altar of Nemelex Xobeh.
 13032 | D:11     | Got the Volume of Transmutation
 13066 | D:11     | Received a gift from Okawaru
 13182 | D:11     | Found a staircase to the Orcish Mines.
 13430 | Orc:1    | Entered Level 1 of the Orcish Mines
 13541 | Orc:1    | Found Jamo's Book Emporium.
 14012 | Orc:2    | Entered Level 2 of the Orcish Mines
 14104 | Orc:2    | Noticed an orc knight
 14121 | Orc:2    | Killed an orc knight
 14122 | Orc:2    | Found Namoic's General Store.
 14130 | Orc:2    | Reached skill level 17 in Axes
 14133 | Orc:2    | Found Teikuk's General Store.
 14136 | Orc:2    | Reached skill level 10 in Fighting
 14193 | Orc:2    | Reached XP level 12. HP: 97/106 MP: 9/12
 14195 | Orc:2    | Reached skill level 5 in Shields
 14256 | Orc:2    | Bought a scroll of teleportation for 42 gold pieces
 14256 | Orc:2    | Bought a potion of haste for 140 gold pieces
 14256 | Orc:2    | Bought a potion of heal wounds for 70 gold pieces
 14258 | Orc:2    | Bought a scroll of enchant weapon for 120 gold pieces
 14297 | Orc:2    | Noticed an orc high priest
 14299 | Orc:2    | Noticed a soul eater
 14302 | Orc:2    | Noticed a soul eater
 14303 | Orc:2    | Found a staircase to the Elven Halls.
 14420 | Orc:2    | Noticed Nessos
 14688 | Lair:1   | Entered Level 1 of the Lair of Beasts
 14717 | Lair:1   | Reached ****** piety under Okawaru
 15435 | Orc:2    | Killed Nessos
 15435 | Orc:2    | Received a gift from Okawaru
 15898 | Orc:2    | Found a runed translucent gate.
 15936 | Orc:2    | Found a runed translucent gate.
 15936 | Orc:2    | Found a runed translucent gate.
 15941 | Orc:2    | Noticed Duder's ghost (journeyman MiBe)
 16130 | Orc:2    | Reached skill level 18 in Axes
 16130 | Orc:2    | Noticed an orc high priest
 16330 | Orc:2    | Killed an orc high priest
 16331 | Orc:2    | Noticed a demonspawn
 16332 | Orc:2    | Noticed an orc high priest
 16332 | Orc:2    | Noticed an orc high priest
 16332 | Orc:2    | Noticed an orc high priest
 16332 | Orc:2    | Noticed a demonspawn
 16336 | Orc:2    | Noticed a soul eater
 16492 | D:12     | HP: 1/108 [meliai/divine providence (7)]
 16493 | D:12     | Noticed a boulder beetle
 16578 | D:12     | Killed a boulder beetle
 16601 | D:12     | Cast into level 2 of the Abyss (a wizard)
 16836 | Abyss:2  | Noticed a thrashing horror
 16861 | Abyss:2  | Killed a thrashing horror
 17118 | Abyss:2  | Noticed a starcursed mass
 17300 | Abyss:2  | Noticed an ironbound thunderhulk
 17300 | Abyss:2  | Noticed a purple very ugly thing
 17301 | Abyss:2  | Noticed a purple very ugly thing
 17301 | Abyss:2  | Noticed a red very ugly thing
 17311 | D:12     | Escaped the Abyss
 17480 | D:12     | Noticed a catoblepas
 17480 | D:12     | Noticed a yaktaur captain
 17482 | D:12     | Noticed a five-headed hydra
 17486 | D:12     | Noticed a boulder beetle
 17511 | D:12     | Noticed a two-headed ogre
 17519 | D:12     | Killed a two-headed ogre
 17520 | D:12     | Reached XP level 13. HP: 87/116 MP: 13/13
 17616 | D:12     | Identified the +2 robe of the Apothecary {Will- Str+5
                  | Slay+2 Stlth+} (Okawaru gifted it to you on level 12 of the
                  | Dungeon)
 17616 | D:12     | Received a gift from Okawaru
 18124 | D:12     | Found Riraus's Armour Boutique.
 18135 | D:12     | Bought a +3 scale mail of willpower for 312 gold pieces
 18496 | D:13     | Reached skill level 1 in Invocations
 18531 | D:13     | Reached skill level 10 in Shields
 18863 | D:13     | Found a gate to the Vaults.
 19129 | D:13     | Received a gift from Okawaru
 19133 | D:13     | You fall into a shaft and drop 1 floor!
 19165 | D:14     | Reached skill level 19 in Axes
 19167 | D:14     | Reached XP level 14. HP: 119/127 MP: 14/14
 19310 | D:13     | Learned a level 2 spell: Ensorcelled Hibernation
 19405 | D:13     | Found Xipregaf's Armour Emporium.
 19705 | D:14     | Reached skill level 1 in Spellcasting
 19818 | D:14     | Identified the +6 war axe of Otomus Wutz {chaos, rElec
                  | Dex+3} (Okawaru gifted it to you on level 14 of the
                  | Dungeon)
 19818 | D:14     | Received a gift from Okawaru
 20113 | Orc:2    | Found Utajor's Antique Armour Emporium.
 20113 | Orc:2    | Found Circhu Wuah's Book Shoppe.
 20114 | Orc:2    | Found a one-way gate leading to the halls of Pandemonium.
 20667 | Lair:1   | Identified the +8 tower shield "Xaojes" {rF+} (Okawaru
                  | gifted it to you on level 1 of the Lair of Beasts)
 20667 | Lair:1   | Received a gift from Okawaru
 21381 | Lair:2   | Noticed Sonja
 21384 | Lair:2   | Found a staircase to the Swamp.
 21395 | Lair:2   | Killed Sonja
 21578 | Lair:2   | Learned a level 4 spell: Cause Fear
 21740 | Lair:2   | Found an ornate altar of the Wu Jian Council.
 21740 | Lair:2   | Found a hide-covered altar of Uskayaw.
 21782 | Lair:2   | Noticed Fannar
 21792 | Lair:2   | Killed Fannar
 21833 | Lair:2   | Identified the +3 short sword of Qeiceuw {flame, rF+ rC+
                  | Dex+4}
 22413 | Lair:3   | You fall into a shaft and drop 2 floors!
 22421 | Lair:5   | Reached skill level 1 in Hexes
 22714 | Lair:3   | Found a dark tunnel.
 22724 | Volcano  | Entered a volcano
 23004 | Lair:4   | Reached XP level 15. HP: 137/137 MP: 19/19
 23028 | Lair:4   | Got the Papyrus of Noxious Air
 23166 | Lair:3   | Reached skill level 1 in Short Blades
 23283 | Lair:3   | Noticed Urug
 23293 | Lair:3   | Received a gift from Okawaru
 23299 | Lair:3   | Killed Urug
 24272 | Lair:4   | Received a gift from Okawaru
 24324 | Lair:4   | Found a hole to the Spider Nest.
 25928 | Lair:6   | Entered Level 6 of the Lair of Beasts
 25973 | Lair:6   | Found a staircase to the Slime Pits.
 25976 | Lair:6   | Found a viscous altar of Jiyva.
 26221 | Lair:6   | Identified the +2 helmet of the Griffon {Harm Str+5 Dex-2
                  | Slay+3} (Okawaru gifted it to you on level 6 of the Lair of
                  | Beasts)
 26221 | Lair:6   | Received a gift from Okawaru
 26412 | Lair:6   | Reached skill level 20 in Axes
 26606 | Lair:6   | Reached skill level 5 in Stealth
 26638 | Lair:6   | Reached XP level 16. HP: 147/147 MP: 23/23
 26996 | Lair:6   | Reached skill level 5 in Invocations
 26999 | Lair:6   | Reached skill level 10 in Dodging
 27367 | Spider:1 | Entered Level 1 of the Spider Nest
 27437 | Spider:1 | Reached skill level 5 in Spellcasting
 27732 | Spider:1 | Identified the +9 broad axe "Unaxeugo" {venom, rC+}
                  | (Okawaru gifted it to you on level 1 of the Spider Nest)
 27732 | Spider:1 | Received a gift from Okawaru
 27840 | Spider:1 | Reached skill level 5 in Hexes
 27846 | Spider:1 | HP: 10/220 [poisoned by a redback]
 27848 | Spider:1 | Succumbed to a redback's poison

Illustrated notes

Levels and vault maps discovered:
D:1:      lightli_arrival_lavapool, layout_loops_corners, serial_shops,
          nicolae_shop_advertising_works [nicolae_subvault_shop_adworks],
          minmay_cut_off
D:2:      layout_basic, minmay_joined_circles
D:3:      cheibrodos_thug_alley, layout_loops_ring,
          mainiacjoe_overflow_alcove_2, shapermc_ecumenical_altar_starsandcircs
D:4:      layout_cave_pools, minmay_temple_entry_purple_smoke, serial_park,
          serial_park_tiny_pond, serial_park_tiny_2, serial_park_square2,
          serial_park_square2, serial_park_square3
          [serial_park_minivault_5x5_5], serial_shops, shop_fountains,
          uniq_natasha
D:5:      layout_basic
D:6:      layout_basic, gammafunk_ghost_split
D:7:      layout_cave_pods
D:8:      layout_basic, david_lair_shrubbed, serial_undead, serial_undead_c,
          serial_undead_d, serial_undead_c, serial_undead_c, uniq_maggie
D:9:      layout_roguey, gammafunk_ghost_cemetery
D:10:     cheibrodos_orc_bank, layout_small_grid, nemelex_diamond_rough_becter,
          enter_bailey_2, serial_shops, shop, bh_hangedman_babel_library
D:11:     layout_roguey, david_orc_3, minmay_misc_feat_plants
D:12:     layout_roguey [special_room_bee], serial_shops, shop,
          chequers_serial_rivers_large_a, onia_ninara_dug_in_and_dangerous
D:13:     layout_small_grid, hangedman_vaults_entry_quadrant_bands,
          serial_shops, nicolae_shop_behind_doors, hangedman_cracks_in_the_wall
D:14:     minmay_the_grid_triangle_9x9_rhombus_full_mashed
          [minmay_the_grid_triangle_9x9_tough_junction,
          minmay_the_grid_triangle_9x9_skeleton,
          minmay_the_grid_triangle_9x9_zippers_horizontal,
          minmay_the_grid_triangle_9x9_swiss_cheese,
          minmay_the_grid_triangle_9x9_from_above,
          minmay_the_grid_triangle_9x9_corruption,
          minmay_the_grid_triangle_9x9_zippers_vertical,
          minmay_the_grid_triangle_9x9_prize_insulated], layout_loops_ring,
          nicolae_ru_path_of_blood
Temple:   mainiacjoe_temple_cubbyholes
Lair:1:   layout_regular_city, beast_lair_carwin_11, lemuel_fruit_tree
Lair:2:   layout_cave_pods, swamp_mist, st_stairs_11, minivault_24,
          nzn_masters_of_martial_movement, uniq_sonja, uniq_fannar
Lair:3:   layout_chaotic_city, nicolae_volcano_entry_batcave,
          hangedman_lair_generics_rect, lemuel_fruit_fields,
          serial_bayou_shore_b, uniq_urug
Lair:4:   layout_cellular_growth, spider_nest_entry_webs,
          gauntlet_entry_generic, cheibrodos_lair_reptile_den
Lair:5:   layout_layer_cave, grunt_megastairs_5
Lair:6:   minmay_lair_end_enchanted_forest, layout_hall_layers, slime_altar_1
Spider:1: layout_spider_delve
Orc:1:    layout_caves, serial_shops, shop_fountains
Orc:2:    pf_orc_diabolical, layout_diamond_mine, gammafunk_ghost_necromancy,
          uniq_nessos

Skill      XL: |  1  2  3  4  5  6  7  8  9 10 11 12 13 14 15 16 |
---------------+-------------------------------------------------+-----
Fighting       | 4 5 6 7 8 10 11 12 13 14 | 14.7
Axes           | 5 7 9 11 13 15 17 18 19 20 | 20.3
Stealth        | 2 3 4 5 |  5.2
Armour         | 1 2 4 5 6 |  6.4
Dodging        | 3 4 5 6 7 8 9 10 | 10.1
Evocations     | 1 |  1.5
Shields        | 1 4 8 11 12 13 14 | 14.2
Invocations    | 1 4 6 |  6.1
Spellcasting   | 3 4 5 |  5.3
Hexes          | 2 4 5 |  5.0
Short Blades   | 1 |  1.9

Action                   |  1- 3 |  4- 6 |  7- 9 | 10-12 | 13-15 | 16-18 || total
-------------------------+-------+-------+-------+-------+-------+-------++-------
Melee: Hand axe          |   118 |    35 |       |       |       |       ||   153
       Punch             |     3 |     2 |     4 |       |       |       ||     9
       War axe           |       |   125 |    69 |       |       |       ||   194
       Battleaxe         |       |       |   218 |    62 |       |       ||   280
       Broad axe         |       |       |       |   632 |   905 |   105 ||  1642
       Short sword       |       |       |       |       |    71 |    14 ||    85
 Cast: Magic Dart        |       |       |       |     2 |       |       ||     2
Invok: Heroism           |       |       |     1 |     9 |     7 |     4 ||    21
       Finesse           |       |       |       |       |       |     1 ||     1
Evoke: Wand              |       |       |       |     5 |     1 |       ||     6
  Use: Scroll            |     6 |     9 |    12 |    17 |    12 |     3 ||    59
       Potion            |       |       |       |     5 |     1 |     3 ||     9
 Stab: Sleeping          |     4 |       |       |     2 |     8 |     1 ||    15
Armor: Robe              |    27 |     7 |       |       |       |       ||    34
       Scale mail        |       |    73 |   107 |       |       |       ||   180
       Steam dragon scal |       |       |    21 |   232 |   294 |    61 ||   608
       Skin              |       |       |       |       |       |    10 ||    10
Dodge: Dodged            |    81 |    92 |   167 |   241 |   423 |   114 ||  1118
Block: Tower shield      |       |       |       |   967 |  1483 |   315 ||  2765
